General information
- name: BNet
- type: Ladder team game (AT/RT)
- host: Battle.net
- saver: CarryMe2Victory
map: Deathknell
- players: 8
- length: 05:58
- speed: Fast
- version: 1.28 W3XP
- replay type: Public
» download(53 KB)
Players
team 1 (winner)

»
StratoCaster (
green | 65 APM | 389 actions | 05:58)
2 Death Knight
1 Death Coil
1 Unholy Aura
» actions
| Build / train | 23 | |
| Enter build submenu | 12 | |
| Enter hero's abilities submenu | 2 | |
| Right click | 244 | |
| Select / deselect | 89 | |
| Use ability | 19 | |
389 total
» units
| Acolyte | 4 | |
| Ghoul | 2 | |
| Crypt Fiend | 5 | |
11 total
» buildings
| Graveyard | 1 | |
| Crypt | 1 | |
| Ziggurat | 3 | |
| Altar of Darkness | 1 | |
| Tomb of Relics | 1 | |
| Nerubian Tower | 2 | |
| Halls of the Dead | 3 | |
| Necropolis | 1 | |
13 total
» build order
00:15 Graveyard
00:22 Crypt
00:26 Ziggurat
01:01 Altar of Darkness
02:01 Tomb of Relics
02:09 Ziggurat
02:31 Nerubian Tower
02:31 Nerubian Tower
04:09 Halls of the Dead
04:09 Halls of the Dead
04:10 Halls of the Dead
05:06 Necropolis
05:15 Ziggurat
» items
| Sacrificial Skull | 2 | |
| Rod of Necromancy | 1 | |
3 total

»
Paryde (
pink | 54 APM | 323 actions | 05:58)
2 Archmage
1 Summon Water Elemental
1 Brilliance Aura
» actions
| Assign group hotkey | 34 | |
| Basic commands | 20 | |
| Build / train | 25 | |
| Enter build submenu | 13 | |
| Enter hero's abilities submenu | 2 | |
| Right click | 87 | |
| Select / deselect | 75 | |
| Select group hotkey | 49 | |
| Use ability | 18 | |
323 total
» units
| Peasant | 10 | |
| Footman | 8 | |
| Rifleman | 1 | |
19 total
» buildings
| Farm | 7 | |
| Altar of Kings | 1 | |
| Barracks | 1 | |
| Lumber Mill | 1 | |
| Scout Tower | 3 | |
| Guard Tower | 2 | |
| Arcane Vault | 1 | |
| Blacksmith | 1 | |
| Keep | 1 | |
18 total
» build order
00:22 Farm
00:38 Altar of Kings
01:08 Farm
01:25 Barracks
01:46 Farm
02:00 Lumber Mill
02:22 Farm
02:37 Scout Tower
02:40 Scout Tower
02:41 Scout Tower
03:14 Guard Tower
03:27 Arcane Vault
04:12 Guard Tower
04:36 Blacksmith
04:47 Farm
04:50 Farm
04:51 Farm
05:28 Keep

»
naturtrogen (
purple | 53 APM | 315 actions | 05:58)
2 Blademaster
1 Wind Walk
1 Critical Strike
» actions
| Assign group hotkey | 30 | |
| Basic commands | 3 | |
| Build / train | 23 | |
| Enter build submenu | 9 | |
| Enter hero's abilities submenu | 2 | |
| Give item / drop item | 3 | |
| Remove unit from queue | 1 | |
| Right click | 121 | |
| Select / deselect | 72 | |
| Select group hotkey | 35 | |
| Use ability | 16 | |
315 total
» units
» buildings
| Altar of Storms | 1 | |
| Orc Burrow | 3 | |
| Voodoo Lounge | 1 | |
| War Mill | 1 | |
| Barracks | 1 | |
| Stronghold | 1 | |
8 total
» build order
00:08 Altar of Storms
00:22 Orc Burrow
00:36 Voodoo Lounge
00:54 War Mill
01:55 Barracks
02:11 Orc Burrow
03:29 Orc Burrow
04:13 Stronghold
04:35 Stronghold
» items
| Healing Salve | 3 | |
| Lesser Clarity Potion | 1 | |
| Scroll of Speed | 1 | |
5 total

»
Pinki1989 (
teal | 43 APM | 259 actions | 05:58)
1 Keeper of the Grove
1 Entangling Roots
» actions
| Assign group hotkey | 9 | |
| Build / train | 26 | |
| Enter build submenu | 14 | |
| Enter hero's abilities submenu | 1 | |
| Remove unit from queue | 1 | |
| Right click | 67 | |
| Select / deselect | 77 | |
| Select group hotkey | 52 | |
| Use ability | 12 | |
259 total
» units
» buildings
| Altar of Elders | 1 | |
| Moon Well | 4 | |
| Ancient of War | 1 | |
| Ancient of Wonders | 2 | |
| Tree of Ages | 1 | |
| Tree of Life | 1 | |
| Hunter's Hall | 1 | |
11 total
» build order
00:26 Altar of Elders
00:45 Moon Well
00:58 Ancient of War
01:43 Moon Well
01:57 Ancient of Wonders
02:08 Ancient of Wonders
02:45 Moon Well
03:47 Tree of Ages
04:43 Tree of Life
05:27 Hunter's Hall
05:30 Moon Well
team 2 (loser)
GGG- (
yellow | 100 APM | 597 actions | 05:58)
2 Mountain King
1 Storm Bolt
1 Bash
» actions
| Assign group hotkey | 9 | |
| Basic commands | 19 | |
| Build / train | 33 | |
| ESC pressed | 1 | |
| Enter build submenu | 15 | |
| Enter hero's abilities submenu | 2 | |
| Right click | 204 | |
| Select / deselect | 83 | |
| Select group hotkey | 208 | |
| Use ability | 23 | |
597 total
» units
| Peasant | 13 | |
| Footman | 7 | |
| Goblin Shredder | 2 | |
| Ghoul | 1 | |
23 total
» buildings
| Altar of Kings | 1 | |
| Barracks | 1 | |
| Farm | 5 | |
| Town Hall | 1 | |
| Arcane Vault | 1 | |
| Stronghold | 2 | |
| Black Citadel | 1 | |
| Spirit Tower | 1 | |
| Watch Tower | 2 | |
| Blacksmith | 1 | |
| Sacrificial Pit | 1 | |
| Lumber Mill | 1 | |
18 total
» build order
00:07 Altar of Kings
00:17 Barracks
00:32 Farm
01:02 Farm
01:30 Farm
03:07 Town Hall
03:50 Farm
03:58 Arcane Vault
04:48 Stronghold
04:48 Stronghold
05:05 Farm
05:18 Black Citadel
05:19 Spirit Tower
05:25 Watch Tower
05:27 Watch Tower
05:32 Blacksmith
05:39 Sacrificial Pit
05:56 Lumber Mill
» items

»
Spritzspecht (
blue | 37 APM | 150 actions | 04:02)
1 Tauren Chieftain
1 War Stomp
» actions
| Assign group hotkey | 6 | |
| Basic commands | 2 | |
| Build / train | 19 | |
| Enter build submenu | 7 | |
| Enter hero's abilities submenu | 1 | |
| Right click | 57 | |
| Select / deselect | 43 | |
| Select group hotkey | 5 | |
| Use ability | 10 | |
150 total
» units
» buildings
| Orc Burrow | 3 | |
| Altar of Storms | 1 | |
| Barracks | 1 | |
| War Mill | 1 | |
| Voodoo Lounge | 1 | |
7 total
» build order
00:40 Orc Burrow
00:47 Altar of Storms
01:02 Barracks
01:49 War Mill
01:59 Orc Burrow
02:02 Voodoo Lounge
02:29 Orc Burrow
.exesy. (
orange | 30 APM | 138 actions | 04:35)
1 Death Knight
1 Death Coil
» actions
| Assign group hotkey | 2 | |
| Basic commands | 1 | |
| Build / train | 11 | |
| Enter build submenu | 8 | |
| Enter hero's abilities submenu | 1 | |
| Right click | 65 | |
| Select / deselect | 43 | |
| Use ability | 7 | |
138 total
» units
| Acolyte | 3 | |
| Ghoul | 3 | |
| Crypt Fiend | 2 | |
8 total
» buildings
| Crypt | 1 | |
| Ziggurat | 2 | |
| Altar of Darkness | 1 | |
| Graveyard | 1 | |
| Halls of the Dead | 1 | |
| Tomb of Relics | 2 | |
8 total
» build order
00:29 Crypt
00:32 Ziggurat
01:04 Altar of Darkness
01:19 Graveyard
01:35 Ziggurat
02:55 Halls of the Dead
03:18 Tomb of Relics
03:20 Tomb of Relics
CarryMe2Victory (
red | 22 APM | 129 actions | 05:58)
» actions
| Basic commands | 14 | |
| Build / train | 17 | |
| Enter build submenu | 7 | |
| Right click | 43 | |
| Select / deselect | 39 | |
| Use ability | 9 | |
129 total
» units
» upgrades
» buildings
| Lumber Mill | 1 | |
| Scout Tower | 5 | |
| Arcane Tower | 1 | |
| Guard Tower | 4 | |
| Keep | 1 | |
12 total
» build order
00:58 Lumber Mill
01:26 Scout Tower
01:30 Scout Tower
01:34 Scout Tower
01:42 Scout Tower
01:52 Scout Tower
01:58 Arcane Tower
02:10 Guard Tower
02:13 Guard Tower
02:25 Guard Tower
02:41 Guard Tower
04:33 Keep
Chat log
(00:03 / All) .exesy.: OH MY GOD
(00:05 / All) .exesy.: NOT AGAIN
(00:15 / All) GGG-: Lol
(00:19 / All) .exesy.: YOU ARE NOT AFK IF YOU KEEP SEARCHING FOR A GAME
(00:22 / All) .exesy.: FUCKING PIECE OF SHIT
(00:23 / All) .exesy.: U MUST IDE
(00:34 / Allies) Spritzspecht: kill him and take exe fast
(00:44 / Allies) .exesy.: IM NOT GONNA PLAY AGAIN 4V3
(00:48 / Allies) .exesy.: BECAUSE OF A TARD DUMB
(00:51 / Allies) CarryMe2Victory: I'mn here guys
(00:53 / Allies) CarryMe2Victory: let's win
(00:54 / Allies) .exesy.: DIE IDIOT
(01:22 / Allies) CarryMe2Victory: let's pwn these noobs, boys
(01:26 / Allies) .exesy.: STFU
(01:29 / Allies) .exesy.: WHY U WERE AFK
(01:30 / Allies) .exesy.: CUNT
(01:35 / Allies) Spritzspecht: vote 1 for kill him 2 for leave
(01:39 / Allies) .exesy.: you made me lose red stupid
(01:40 / Allies) .exesy.: afk all game.....
(01:46 / Allies) CarryMe2Victory: I did nothing wrong
(01:49 / Allies) GGG-: u take fun to shit the game?
(01:51 / Allies) .exesy.: can you even read? YOU WERE AFK
(01:52 / Allies) .exesy.: IDIOT
(01:54 / Allies) .exesy.: A F K
(01:55 / Allies) GGG-: that make your penis bigger?
(02:00 / Allies) CarryMe2Victory: So?
(02:05 / Allies) .exesy.: so???
(02:07 / Allies) CarryMe2Victory: What's YOUR problem
(02:07 / Allies) .exesy.: so you're idiot
(02:14 / Allies) .exesy.: that you have mentla problem
(03:02 / Allies) .exesy.: what are you doing????
(03:20 / Allies) Spritzspecht: so we cant kill his base
(03:25 / Allies) .exesy.: ahahhahah so retarded XDDD
(03:33 / Allies) .exesy.: i will tk you forever red
(03:39 / Allies) GGG-: sop that guys
(03:42 / Allies) Spritzspecht: see
(03:44 / Allies) Spritzspecht: i leave
(03:45 / Allies) CarryMe2Victory: CAn't stomp ally buudy
(03:57 / Allies) .exesy.: why u waste ur shitty life like this red :D ??
(04:27 / All) .exesy.: red, please, i know you have a sad life, so hang yourself :)
(05:01 / All) CarryMe2Victory: What's HIS problem?
(05:54 / Allies) CarryMe2Victory: Well. Good luck, friend. I go to hopefully find exesy again